 Dungeon Crawl Stone Soup version 0.23-a0-241-g3b46b07 (webtiles) character file.

2055 Gildeon the Ruffian (level 9, 0/88 HPs)
             Began as a Troll Fighter on Sept 26, 2018.
             Was a Believer of Okawaru.
             Slain by a wight
             ... wielding a cursed +0 long sword
              (5 damage)
             ... on level 9 of the Dungeon.
             The game lasted 00:20:01 (5854 turns).

Gildeon the Ruffian (Troll Fighter)                 Turns: 5854, Time: 00:20:02

Health: 0/88       AC:  5    Str: 26    XL:     9   Next: 5%
Magic:  9/9        EV: 12    Int:  3    God:    Okawaru [**....]
Gold:   331        SH:  0    Dex: 14    Spells: 7/8 levels left

rFire    + . .     SeeInvis .     - Unarmed
rCold    . . .     Gourm    +   (no shield)
rNeg     + + +     Faith    .   a - +0 robe
rPois    .         Spirit   .   (helmet restricted)
rElec    .         Reflect  .   g - scarf {cloud immunity}
rCorr    .         Harm     .   (gloves unavailable)
MR       +....                  (boots unavailable)
Stlth    +.........             (no amulet)
HPRegen  0.64/turn              r - ring of protection from magic
MPRegen  0.11/turn              k - ring of the Distant Future {+Inv rF+ rN+++ Int-3 Dex+4}

@: no status effects
A: large, unfitting armour, claws 3, fast metabolism 3, gourmand, regeneration
1, shaggy fur 1, tough skin 2
a: Heroism, Renounce Religion, Evoke Invisibility


You were on level 9 of the Dungeon.
You worshipped Okawaru.
Okawaru was pleased with you.
You were very full.

You visited 2 branches of the dungeon, and saw 10 of its levels.

You collected 331 gold pieces.

Inventory:

Hand Weapons
 x - a +2 war axe of flaming
Armour
 a - a +0 robe (worn)
 g - a scarf of cloud immunity (worn)
Jewellery
 h - an uncursed ring of ice
 k - the ring of the Distant Future (right claw) {+Inv rF+ rN+++ Int-3 Dex+4}
   (You found it on level 4 of the Dungeon)

   [ring of protection from fire]

   It affects your intelligence (-3).
   It affects your dexterity (+4).
   It protects you from fire.
   It renders you almost immune to negative energy.
   It lets you turn invisible.
 r - a ring of protection from magic (left claw)
Wands
 t - a wand of enslavement (10)
 u - a wand of iceblast (5)
 v - a wand of disintegration (15)
Scrolls
 i - 2 scrolls of enchant armour
 n - 3 scrolls of fog
 s - a scroll of magic mapping {unknown}
 w - a scroll of remove curse
Potions
 b - 2 potions of invisibility
 e - a potion of lignification
 f - a potion of degeneration {unknown}
 m - a potion of brilliance {unknown}
 p - a potion of mutation
 q - a potion of heal wounds
Comestibles
 d - 14 rations


   Skills:
 - Level 5.0 Fighting
 + Level 1.3 Axes
   Level 0.0(0.7) Maces & Flails
 + Level 4.8 Armour
 - Level 5.0 Dodging
   Level 2.4 Shields
 + Level 6.2 Unarmed Combat
 + Level 0.2 Spellcasting
 + Level 0.5 Earth Magic
 + Level 1.6 Invocations
 - Level 1.0 Evocations


You had 7 spell levels left.
You knew the following spells:

 Your Spells              Type           Power        Failure   Level  Hunger
a - Sandblast             Erth           #.....       43%         1    ##.....

Your spell library contained the following spells:

 Spells                   Type           Power        Failure   Level  Hunger
 Passwall                 Tmut/Erth      #.......     63%         2    ###....
 Stone Arrow              Conj/Erth      #.....       85%         3    ####...
 Petrify                  Tmut/Erth      #.......     99%         4    #####..
 Lee's Rapid Deconstruct  Erth           #.........   100%        5    ######.


Dungeon Overview and Level Annotations

Branches:
Dungeon (10/15)            Temple (1/1) D:7
   Lair: D:8-11         Orc: D:9-12

Altars:
Ashenzari
Cheibriados
Dithmenos
Elyvilon
Fedhas
Gozag
Hepliaklqana
Kikubaaqudgha
Nemelex Xobeh
Okawaru
Qazlal
Ru
Sif Muna
Trog
Uskayaw
Wu Jian
Xom
Yredelemnul
Zin

Annotations:
D:4 3 runed doors, Arum's ghost, novice FoCK
D:9 1 runed door


Innate Abilities, Weirdness & Mutations

You are too large for most types of armour.
You have claws for hands.
Your metabolism is lightning-fast.
You like to eat raw meat.
Your natural rate of healing is unusually fast.
You are covered in fur. (AC +1)
You have very tough skin. (AC +2)


Message History

Okawaru accepts your kill.
The wight hits you from afar with a halberd of freezing!
The wight freezes you.
You claw the wight!
The wight is almost destroyed.
The wight hits you from afar with a halberd of freezing!
* * * LOW HITPOINT WARNING * * *
The wight freezes you.
* * * LOW HITPOINT WARNING * * *
You barely miss the orc. The wight misses you.
The orc hits you with a short sword.
* * * LOW HITPOINT WARNING * * *
The wight hits you from afar with a halberd of freezing.
* * * LOW HITPOINT WARNING * * *
The wight freezes you.
* * * LOW HITPOINT WARNING * * *
You scratch the orc.
The orc is severely wounded.
The wight hits you with a long sword.
You die...

.....>.........# ######..#
...............# #.######.
......... .....# #......'.
........# #....# #.######.
.oZ.....# #....# #........
.>a.....# ....# #..#.....
))o.....#####..#######+##..# ###.
..(..........Zz#z.'..'..#..#
#####........ozo@.#..#..#.#######
........ZZ##########........
......))..Z..........#######
................##....#
.....##########.##.#...... .....
#.##.######.. .... #.##.. ..
#.#### . ..#


You could see 3 wights, 2 orcs, a bullfrog zombie, an adder skeleton and a
jackal skeleton.

Vanquished Creatures
  Eustachio (D:4)
  Menkaure (D:5)
  A water moccasin (D:7)
  An orc warrior (D:10)
  2 centaurs
  An ogre (D:9)
  2 bullfrogs
  4 scorpions
  4 crimson imps
  A hound (D:5)
  2 jellies
  3 orc priests
  4 orc wizards
  A bullfrog skeleton (D:7)
  A centaur skeleton (D:4)
  3 iguanas
  7 worker ants
  2 hound skeletons
  A worker ant zombie (D:5)
  A howler monkey skeleton (D:4)
  10 adders
  A shadow imp (D:9)
  An ooze (D:1)
  3 adder skeletons (D:4)
  5 worms
  4 leopard geckos
  15 orcs
  2 ball pythons
  10 bats
  5 giant cockroaches
  11 goblins
  13 hobgoblins
  11 jackals
  4 quokkas
  6 frilled lizards
  8 kobolds
  14 rats
166 creatures vanquished.

Notes
Turn   | Place    | Note
-------+----------+-------------------------------------------
     0 | D:1      | Gildeon the Troll Fighter began the quest for the Orb.
     0 | D:1      | Reached XP level 1. HP: 22/22 MP: 0/0
   151 | D:1      | Reached XP level 2. HP: 29/29 MP: 1/1
   494 | D:1      | Reached XP level 3. HP: 23/36 MP: 2/2
   662 | D:1      | Reached skill level 1 in Armour
   866 | D:2      | Reached XP level 4. HP: 44/44 MP: 3/3
  1189 | D:2      | Found an ornate altar of the Wu Jian Council.
  1568 | D:3      | Reached skill level 3 in Unarmed Combat
  1611 | D:3      | Reached XP level 5. HP: 32/53 MP: 4/4
  2389 | D:4      | Reached XP level 6. HP: 49/61 MP: 5/5
  2528 | D:4      | Got a transparent lead ring
  2529 | D:4      | Identified the ring of the Distant Future {+Inv rF+ rN+++
                  | Int-3 Dex+4} (You found it on level 4 of the Dungeon)
  2564 | D:4      | Found an iron altar of Okawaru.
  2576 | D:4      | Became a worshipper of Warmaster Okawaru
  2678 | D:4      | Noticed Eustachio
  2701 | D:4      | Killed Eustachio
  2701 | D:4      | Reached skill level 4 in Unarmed Combat
  2725 | D:4      | Found a runed gate.
  2725 | D:4      | Found a runed gate.
  2726 | D:4      | Found a runed gate.
  2728 | D:4      | Noticed Arum's ghost (novice FoCK)
  2843 | D:4      | Found a hide-covered altar of Uskayaw.
  3287 | D:5      | Entered Level 5 of the Dungeon
  3309 | D:5      | Reached XP level 7. HP: 63/68 MP: 6/6
  3494 | D:5      | Noticed Menkaure
  3500 | D:5      | Killed Menkaure
  3500 | D:5      | Reached * piety under Okawaru
  3922 | D:6      | Found a glowing silver altar of Zin.
  4075 | D:6      | Found a snail-covered altar of Cheibriados.
  4075 | D:6      | Found an opulent altar of Gozag.
  4084 | D:6      | Found an opulent altar of Gozag.
  4191 | D:6      | Reached skill level 5 in Unarmed Combat
  4191 | D:6      | Reached XP level 8. HP: 74/79 MP: 7/7
  4221 | D:6      | You fall through a shaft!
  4427 | D:7      | Found a staircase to the Ecumenical Temple.
  4434 | Temple   | Entered the Ecumenical Temple
  4668 | D:7      | Reached ** piety under Okawaru
  5476 | D:7      | You fall through a shaft for 3 floors!
  5476 | D:10     | Entered Level 10 of the Dungeon
  5489 | D:10     | Reached skill level 5 in Fighting
  5489 | D:10     | Reached skill level 5 in Dodging
  5555 | D:10     | Reached skill level 1 in Invocations
  5646 | D:10     | Reached skill level 6 in Unarmed Combat
  5663 | D:9      | HP: 4/80 [orc/short sword (6)]
  5668 | D:9      | Found a runed door.
  5668 | D:9      | HP: 4/80 [poisoned by an orc]
  5713 | D:9      | Reached skill level 1 in Axes
  5795 | D:9      | Reached skill level 1 in Evocations
  5799 | D:9      | Learned a level 1 spell: Sandblast
  5838 | D:9      | Reached XP level 9. HP: 38/88 MP: 9/9
  5853 | D:9      | HP: 4/88 [wight/halberd of freezing (1)]
  5854 | D:9      | Slain by a wight

Vault maps used:
D:1:      scummos_arrival_simple_crosswalls, serial_park_tiny_2
D:2:      lemuel_round_altar, first_ration
D:3:      small_statue_intersection
D:4:      okawaru_gym_becter, kennysheep_mini, gammafunk_ghost_necromancy,
          minmay_misc_feat_rows, minmay_goblin_outpost, uniq_eustachio
D:5:      uniq_menkaure
D:6:      gammafunk_temple_overflow_elements, basic_altar, grunt_gozag_statues
D:7:      temple_green, due_unseen_surprise
D:9:      tso_metal_star, minivault_13
D:10:     hiddenorc1_lemuel, serial_shops, nicolae_shop_behind_doors,
          basic_altar, hangedman_little_slice_of_home, minivault_25_ag,
          item_on_display_a
Temple:   eino_temple_water

Skill      XL: |  1  2  3  4  5  6  7  8 |
---------------+-------------------------+-----
Armour         | 1 2 3 4 |  4.8
Dodging        | 3 4 5 |  5.0
Fighting       | 3 4 5 |  5.0
Unarmed Combat | 3 4 5 6 |  6.2
Invocations    | 1 |  1.6
Axes           | 1 |  1.3
Evocations     | 1 |  1.0
Shields        | |  2.4
Spellcasting   | |  0.2
Earth Magic    | |  0.5

Action                   |  1- 3 |  4- 6 |  7- 9 || total
-------------------------+-------+-------+-------++-------
Melee: Unarmed           |   135 |   184 |   211 ||   530
       Punch             |     3 |     2 |     9 ||    14
  Use: Scroll            |     2 |     8 |     4 ||    14
       Potion            |       |     1 |     5 ||     6
 Stab: Sleeping          |       |     2 |       ||     2
  Eat: Chunk             |    13 |    23 |    21 ||    57
Armor: Robe              |    46 |    70 |    67 ||   183
Dodge: Dodged            |   109 |   126 |   164 ||   399

Table legend:
 A = Non-vault XP
 B = Vault XP
 C = Vault XP percentage of total XP
 D = Non-vault monster count
 E = Vault monster count
 F = Vault count percentage of total count
                 A         B        C        D         E       F
            +---------+---------+-------+---------+---------+-------
      Total |    2547 |     390 |  13.3 |     158 |       8 |   4.8
            +---------+---------+-------+---------+---------+-------
        D:1 |      54 |       0 |   0.0 |      31 |       0 |   0.0
        D:2 |      78 |       0 |   0.0 |      23 |       0 |   0.0
        D:3 |     163 |       0 |   0.0 |      30 |       0 |   0.0
        D:4 |     214 |     215 |  50.1 |      15 |       7 |  31.8
        D:5 |     251 |     175 |  41.1 |      16 |       1 |   5.9
        D:6 |     347 |       0 |   0.0 |      12 |       0 |   0.0
        D:7 |     409 |       0 |   0.0 |      10 |       0 |   0.0
        D:9 |     519 |       0 |   0.0 |      12 |       0 |   0.0
       D:10 |     512 |       0 |   0.0 |       9 |       0 |   0.0
            +---------+---------+-------+---------+---------+-------
